 Dungeon Crawl Stone Soup version 0.30-a0-847-g17996783a1 (webtiles) character file.

Game seed: 5740512590031178667

403 Darius099 the Cleaver (level 6, 0/51 HPs)
             Began as a Minotaur Fighter on Feb 27, 2023.
             Was an Initiate of Okawaru.
             Slain by a gnoll
             ... wielding a +0 halberd
             ... led by a gnoll bouda
              (9 damage)
             ... on level 5 of the Dungeon on Mar 3, 2023.
             The game lasted 00:08:45 (3740 turns).

Darius099 the Cleaver (Minotaur Fighter)            Turns: 3740, Time: 00:08:46

Health: 0/51       AC: 12    Str: 23    XL:     6   Next: 55%
Magic:  5/5        EV:  6    Int:  5    God:    Okawaru [......]
Gold:   348        SH:  4    Dex:  9    Spells: 5/5 levels left

rFire   . . .      SeeInvis .    a - +0 war axe
rCold   . . .      Faith    .    c - +0 buckler
rNeg    . . .      Spirit   .    r - +0 plate armour
rPois   .          Reflect  .    (helmet restricted)
rElec   .          Rampage  .    E - scarf {repulsion}
rCorr   .                        u - +0 pair of gloves
Will    .....                    (no boots) Stlth
                                 (no amulet)
HPRegen 0.28/turn                (no ring)
MPRegen 0.09/turn                (no ring)

@: weakened, repel missiles
A: horns 2, retaliatory headbutt
a: Renounce Religion


You were on level 5 of the Dungeon.
You worshipped Okawaru.
Okawaru was noncommittal.
You visited 1 branch of the dungeon, and saw 5 of its levels.

You collected 348 gold pieces.

Inventory:

Hand Weapons
 a - a +0 war axe (weapon)
Missiles
 m - 26 stones (quivered)
Armour
 c - a +0 buckler (worn)
 r - a +0 plate armour (worn)
 u - a +0 pair of gloves (worn)
 E - a scarf of repulsion (worn)
Jewellery
 h - a ring of magical power
 q - a ring of magical power
 t - a ring of positive energy
Wands
 B - a wand of acid (12)
 D - a wand of flame (13)
Scrolls
 b - a scroll of identify {unknown}
 f - a scroll of teleportation {unknown}
 g - a scroll of enchant weapon {unknown}
 j - a scroll of brand weapon {unknown}
 l - a scroll of magic mapping {unknown}
 n - a scroll of acquirement {unknown}
 p - a scroll of fear {unknown}
 v - a scroll of immolation {unknown}
 x - a scroll of torment {unknown}
 y - a scroll of vulnerability {unknown}
 C - a scroll of enchant armour {unknown}
Potions
 d - 2 potions of might
 e - 2 potions of attraction {unknown}
 i - 3 potions of flight {unknown}
 k - 2 potions of haste {unknown}
 o - a potion of resistance {unknown}
 s - a potion of curing {unknown}
 w - 2 potions of degeneration {unknown}
 z - a potion of ambrosia {unknown}
 A - a potion of heal wounds {unknown}


   Skills:
 - Level 3.6 Fighting
 + Level 8.5 Axes
 - Level 3.6 Armour
 - Level 3.6 Shields


You had 5 spell levels left.
You didn't know any spells.
Your spell library was empty.

Dungeon Overview and Level Annotations

Branches:
Dungeon (5/15)             Temple (0/1) D:4

Altars:
Ashenzari
Cheibriados
Gozag
Okawaru
Uskayaw

Shops:
D:4 =

Annotations:
D:4 2 transporters, retardedninja's ghost, amateur GnFi


Innate Abilities, Weirdness & Mutations

You have a pair of horns on your head.
You reflexively headbutt those who attack you in melee.


Message History

You hit the gnoll. Your headbutt misses the gnoll.
The gnoll is heavily wounded.
A gnoll comes into view. It is wielding a +0 halberd.
You block the gnoll's attack.
You hit the gnoll. Your headbutt misses the gnoll.
The gnoll is severely wounded.
The gnoll barely misses you. You furiously retaliate!
You headbutt the gnoll!
You kill the gnoll!
Okawaru accepts your kill. The gnoll hits you but does no damage.
You closely miss the gnoll. You headbutt the gnoll.
The gnoll is lightly wounded.
The gnoll hits you with a +0 whip.
The gnoll hits you from afar with a +0 halberd.
You closely miss the gnoll. Your headbutt misses the gnoll.
The gnoll is lightly wounded.
The gnoll barely misses you. You furiously retaliate!
You headbutt the gnoll.
The gnoll hits you from afar with a +0 halberd.
You slash the gnoll!
You kill the gnoll!
Okawaru accepts your kill.
The gnoll bouda gazes fiercely through you!
You feel your attacks grow feeble. The gnoll barely misses you.
The gnoll hits you with a +0 halberd!
You hit the gnoll.
The gnoll is lightly wounded.
You hit the gnoll bouda but do no damage.
The gnoll hits you with a +0 halberd!
* * * LOW HITPOINT WARNING * * *
The gnoll bouda hits you with a +0 whip.
* * * LOW HITPOINT WARNING * * *
The gnoll hits you but does no damage.
You hit the gnoll.
The gnoll is heavily wounded.
You closely miss the gnoll bouda.
The gnoll bouda hits you with a +0 whip.
* * * LOW HITPOINT WARNING * * *
The gnoll hits you with a +0 halberd!
You die...

.. ### .##. #### #..
..... ..# #.# .....
# #.# #.# ......
#.##.#### #.##.....#
#.......###........#
#.####g##.....<..#
#..gg@.###########
########


You could see a gnoll bouda and 2 gnolls.

Vanquished Creatures
  A bullfrog (D:4)
  A scorpion (D:4)
  A hound (D:4)
  A sleepcap (D:2)
  Terence (D:2)
  Robin (D:4)
  2 gnolls (D:5)
  6 adders
  2 worms
  2 bats (D:1)
  3 endoplasms
  13 giant cockroaches
  15 hobgoblins
  6 jackals
  6 kobolds
  5 quokkas
  9 ball pythons
  4 frilled lizards
  14 goblins
  6 rats
99 creatures vanquished.

Vanquished Creatures (others)
  5 plants
  3 toadstools (D:1)
8 creatures vanquished.

Grand Total: 107 creatures vanquished

Notes
Turn   | Place    | Note
-------+----------+-------------------------------------------
     0 | D:1      | Darius099 the Minotaur Fighter began the quest for the Orb.
     0 | D:1      | Reached XP level 1. HP: 19/19 MP: 0/0
     1 | D:1      | Upgraded the game from 0.30-a0-824-g6c64550be9 to
                  | 0.30-a0-847-g17996783a1
    38 | D:1      | Found a faded altar of an unknown god.
   166 | D:1      | Reached skill level 3 in Axes
   208 | D:1      | Reached XP level 2. HP: 23/26 MP: 1/1
   496 | D:1      | Reached skill level 4 in Axes
   969 | D:2      | Reached XP level 3. HP: 30/31 MP: 2/2
  1084 | D:2      | Reached skill level 5 in Axes
  1084 | D:2      | Reached XP level 4. HP: 7/39 MP: 3/3
  1274 | D:2      | Found an opulent altar of Gozag.
  1452 | D:2      | Noticed Terence
  1461 | D:2      | Killed Terence
  1646 | D:2      | Reached skill level 6 in Axes
  1978 | D:3      | Found an iron altar of Okawaru.
  2004 | D:3      | Became a worshipper of Warmaster Okawaru
  2051 | D:3      | Found a broken altar of Ashenzari.
  2057 | D:3      | Reached XP level 5. HP: 45/45 MP: 4/4
  2280 | D:3      | Found a hide-covered altar of Uskayaw.
  2635 | D:4      | Found Zuutir's One-of-a-Kind Rings.
  2653 | D:4      | Found a transporter.
  2678 | D:4      | Reached skill level 7 in Axes
  2705 | D:4      | Reached XP level 6. HP: 41/51 MP: 5/5
  2824 | D:4      | Reached skill level 8 in Axes
  2850 | D:4      | Found a snail-covered altar of Cheibriados.
  2975 | D:4      | Found a transporter.
  2978 | D:4      | Noticed retardedninja's ghost (amateur GnFi)
  3033 | D:4      | Found a staircase to the Ecumenical Temple.
  3092 | D:4      | Noticed Robin
  3103 | D:4      | Killed Robin
  3720 | D:5      | Entered Level 5 of the Dungeon
  3740 | D:5      | Slain by a gnoll

Illustrated notes

Levels and vault maps discovered:
D:1:      grunt_arrival_lava_bath, layout_loops_corners,
          ebering_ecumenical_altar_sacrificial, minmay_gold_behind_fungi,
          serial_bayou_ford_a, chequers_serial_rivers_micro_d
D:2:      minmay_roachtagon, layout_basic, basic_altar, uniq_terence
D:3:      layout_loops_ring, mainiacjoe_overflow_cross_hatched,
          mainiacjoe_overflow_tiny_flanked, mainiacjoe_overflow_catwalk,
          nicolae_underground_beach
D:4:      cheibrodos_old_hovel, layout_basic, mainiacjoe_overflow_alcove_2,
          minmay_temple_entry_statues_pillars, gammafunk_ghost_stat_death,
          chequers_avenue, chequers_mini_garden, nicolae_shop_unique_rings,
          dreamdust_princess_bridge, uniq_robin
D:5:      layout_loops_cross, gammafunk_ghost_smash, st_stairs_5,
          guppyfry_early_lair_pool, uniq_sigmund

Skill      XL: |  1  2  3  4  5  6 |
---------------+-------------------+-----
Axes           | 3 4 5 6 7 8 |  8.5
Fighting       | |  3.6
Armour         | |  3.6
Shields        | |  3.6

Action                     |  1- 3 |  4- 6 || total
---------------------------+-------+-------++-------
  Melee: War axe           |    71 |   147 ||   218
         Headbutt          |     9 |    20 ||    29
 Armour: Scale mail        |    34 |     5 ||    39
         Plate armour      |       |    78 ||    78
  Dodge: Dodged            |    33 |    55 ||    88
  Block: Buckler           |    21 |    36 ||    57

Table legend: (Time is in decaauts)
 A = Elapsed time spent in this place.
 B = Non-inter-level travel time spent in this place.
 C = Inter-level travel time spent in this place.
 D = Time resting spent in this place.
 E = Time spent auto-exploring this place.
 F = Levels seen in this place.
 G = Mean time per level.
                   A        B        C        D        E       F      G
               +--------+--------+--------+--------+--------+-----+--------+
         Total |   3798 |   3672 |    126 |    167 |   2684 |   5 |  759.6 |
       Dungeon |   3798 |   3672 |    126 |    167 |   2684 |   5 |  759.6 |
               +--------+--------+--------+--------+--------+-----+--------+

Top non-repeatable levels by time:
     D:4: 1125 daAuts
     D:2: 1017 daAuts
     D:1: 962 daAuts
     D:3: 673 daAuts
     D:5: 20 daAuts
